Map: Dusk Towers

Players

divinekiller

  • Race: Protoss Protoss
  • League: Silver
  • Spawn Location: 1:00

Fropez - Winner!

  • Race: Protoss Protoss
  • League: Silver
  • Spawn Location: 7:00

VOD

Have the link to the VOD?

Description

Time

  • Played on: May 18, 2016, 11:04 a.m.
  • Length: 6:24
Show
View Real Time Build Order
Export as new Build Order

divinekiller Protoss 

Build Orders:  

Get SALT Encoding   

  12  0:02  Probe (Chrono Boost)  
  13  0:13  Probe (Chrono Boost)  
  14  0:20  Pylon  
  14  0:28  Pylon  
  14  0:45  Gateway  
  14  0:48  Assimilator  
  14  0:56  Gateway  
  14  1:01  Probe (Chrono Boost)  
  15  1:11  Probe (Chrono Boost)  
  16  1:34  Cybernetics Core  
  16  1:57  Nexus  
  16  2:15  Pylon  
  16  2:20  Pylon  
  16  2:26  Warp Gate (Chrono Boost)  
  16  2:30  Adept x2  
  18  3:19  Probe  
  19  3:20  Probe  
  20  3:30  Probe, Assimilator  
  20  3:31  Probe  
  22  3:41  Probe  
  22  3:43  Probe  
  24  3:51  Probe  
  26  3:55  Probe  
  26  4:02  Probe  
  26  4:07  Probe  
  27  4:30  Pylon  
  26  4:41  Stalker  
  24  4:47  Stalker  
  21  4:54  Gateway  
  21  4:56  Gateway  
  21  4:59  Gateway  
  18  5:08  Stalker  
  18  5:12  Stalker  
  4  5:50  Stalker  
  6  5:59  Stalker  
  6  6:00  Stalker  
Show
View Real Time Build Order
Export as new Build Order

Fropez Protoss - Winner!

Build Orders:  

Get SALT Encoding   

  12  0:02  Probe (Chrono Boost)  
  13  0:14  Pylon  
  14  0:35  Probe (Chrono Boost)  
  14  0:40  Gateway  
  14  0:49  Pylon  
  14  0:51  Assimilator  
  14  0:52  Probe (Chrono Boost)  
  15  1:02  Probe (Chrono Boost)  
  16  1:11  Pylon  
  16  1:13  Probe (Chrono Boost)  
  17  1:23  Gateway  
  18  1:28  Cybernetics Core  
  18  1:32  Probe (Chrono Boost)  
  18  1:42  Probe (Chrono Boost)  
  19  1:48  Gateway  
  19  1:52  Gateway  
  19  1:56  Probe (Chrono Boost)  
  20  2:04  Assimilator  
  20  2:06  Probe (Chrono Boost)  
  21  2:12  Adept  
  23  2:25  Warp Gate (Chrono Boost)  
  23  2:27  Mothership Core (Chrono Boost)  
  25  2:45  Adept x2  
  25  2:46  Probe (Chrono Boost)  
  30  2:56  Probe (Chrono Boost)  
  29  3:15  Adept  
  31  3:35  Nexus  
  31  3:36  Pylon  
  31  3:54  Adept, Probe  
  30  4:17  Probe  
  30  4:45  Probe  
  31  4:48  Adept x3  
  37  4:57  Probe  
  36  5:24  Adept x3  
  41  5:41  Forge  
  41  5:42  Probe  
  42  5:43  Pylon  
  42  5:44  Probe  
  42  5:46  Pylon  
  42  5:49  Stalker x2  
  47  5:50  Stalker  
  46  6:23  Gateway  
Tags
 
Matchup
PvP
Replay Pack
All Mines
Spawn Locations
Cross Positions
Add a new tag
Caveats
  • Supply blocks, unpowered buildings, or Contaminate may cause inaccurate times.
  • Supply counts are checked every 10 seconds.